[Event "Match Kovalenko-Kravtsiv Blitz 2025"]
[Site "Lviv"]
[Date "2025.03.20"]
[Round "1.1"]
[White "Kovalenko, Igor"]
[Black "Kravtsiv, Martyn"]
[Result "0-1"]
[Annotator "TA"]
[ECO "D35"]
[WhiteElo "2674"]
[BlackElo "2598"]
[PlyCount "125"]
[EventDate "2025.03.17"]
[EventType "match"]
[EventCountry "UKR"]
[SourceTitle "playchess.com"]
[Source "ChessBase"]
[SourceQuality "1"]
[TimeControl "180+2"]

1. d4 d5 2. c4 e6 3. Nc3 Nf6 4. cxd5 exd5 5. Bg5 Be7 6. e3 h6 7. Bxf6 Bxf6 8. Rc1 {D53: Queen's Gambit Declined: 4 Bg5 Be7: Early deviations.} O-O 9. b4 $146 (9. Bd3 c5 10. Nge2 cxd4 11. exd4 Nc6 12. Bb1 Re8 13. O-O Bg4 14. f3 Be6 15. Qd3 {0-1 Bennett,D (1873)-Isigkeit,H (1945) IECC M email 1998}) 9... c6 10. Bd3 (10. b5 $11) 10... Qe7 $15 11. Nge2 Qxb4 12. O-O Re8 13. Nf4 Nd7 (13... Qd6 $17 14. g3 Bg5) 14. Ncxd5 $11 cxd5 15. Nxd5 Qf8 16. Nc7 {[#]} (16. Qf3 $11) 16... Nb6 $1 17. Qf3 {[%cal Oa2a4] [#]} (17. a4 Be6) 17... Be6 18. Nxe6 (18. Qe4 $11 {remains equal.} g6 19. Nxa8 Rxa8 20. Qxb7) 18... Rxe6 $17 19. Qxb7 g6 20. Rc7 Bd8 21. Rc2 Qa3 22. Be2 Re7 23. Qf3 (23. Qa6 $142 Qxa6 24. Bxa6) 23... Rc8 24. Rxc8 Nxc8 25. Bc4 Nd6 26. Bb3 Nf5 $2 (26... Kg7 $19 {...Ne4 is the strong threat.} 27. Qd5 Bb6) 27. Qa8 $2 (27. e4 $14 Qa5 28. exf5 Qxf5 29. Qxf5 gxf5 30. d5) 27... Qd6 28. g3 Kg7 29. Kg2 Bb6 30. Rc1 Rc7 31. Rxc7 Qxc7 {Successful Defense Black} 32. Qd5 Qe7 33. h4 h5 34. Qf3 Nd6 35. Bd5 Qf6 36. Qd1 Qf5 37. Qb3 {[#]} (37. Bb3 $17 {is a better defense.}) 37... Ne4 $1 $19 38. Bxe4 Qxe4+ 39. Kg1 Qc6 40. a4 Bc7 41. Qd1 Bb6 42. Qb3 Qd6 43. Qb5 a5 44. Kg2 Bd8 45. Kg1 Qb4 46. Qd7 Bf6 47. Kg2 Qd2 48. Qe8 Qb4 49. Qd7 $1 Be7 50. Qe8 Bd6 51. Qd7 Bf8 52. Qe8 Qd6 53. Qa8 Qb6 54. Qd5 Bb4 55. Qe5+ Qf6 56. Qb5 Qe6 57. Qb7 $2 (57. Kg1 {is more resistant.}) 57... Be1 $2 (57... Qe8 58. g4 hxg4) 58. Kf1 Bc3 59. Kg2 Qa2 60. Qb5 Be1 61. Qe5+ Kh7 62. Qf6 (62. Qf4 $142) 62... Kg8 ({Worse is} 62... Qxa4 63. Qxf7+ Kh6 64. Qf8+ Kh7 65. Qf7+ Kh6 66. Qf8+ Kh7 67. Qf7+ $11) 63. Kf1 {Weighted Error Value: White=0.26 (precise) /Black=0.31  Missed win:     	---       	Black=1      Mistake:       	White=8     	Black=3      Inaccurate:     	White=4     	Black=3      OK:         	White=14    	Black=24     Best:        	White=2     	Black=2      Strong:       	White=1     	Black=1} 0-1

[Event "Match Kovalenko-Kravtsiv Blitz 2025"]
[Site "Lviv"]
[Date "2025.03.20"]
[Round "2.1"]
[White "Kravtsiv, Martyn"]
[Black "Kovalenko, Igor"]
[Result "1-0"]
[Annotator "TA"]
[ECO "B01"]
[WhiteElo "2598"]
[BlackElo "2674"]
[PlyCount "71"]
[EventDate "2025.03.17"]
[EventType "match"]
[EventCountry "UKR"]
[SourceTitle "playchess.com"]
[Source "ChessBase"]
[SourceQuality "1"]
[TimeControl "180+2"]

1. e4 d5 2. exd5 Qxd5 3. Nc3 Qa5 4. d4 Nf6 5. Bc4 c6 6. Nf3 Bf5 7. Bd2 Nbd7 8. Bb3 e6 9. Qe2 Bb4 10. a3 O-O 11. O-O Bxc3 12. Bxc3 Qc7 13. Nh4 $5 {[%emt 0:00:19][%mdl 4] Leaves trodden paths. B01: Scandinavian Defence.} Be4 $146 (13... Bg4 14. f3 Bh5 15. Bd2 Rfd8 16. g4 Bg6 17. Nxg6 hxg6 18. Bg5 c5 19. Rad1 cxd4 20. Rxd4 Nc5 21. Rc4 b5 22. Rc3 Nd5 23. Bxd5 Rxd5 24. Be3 Qe7 {1-0 Ngo,N (2325)-Phan,D VIE-ch U20 Hue 2003 (2)}) 14. Bb4 c5 15. dxc5 {[%emt 0:00:04] The position is equal.} Nxc5 16. Rad1 a5 17. Bc3 Qf4 ({Better is} 17... Nxb3 $11 18. cxb3 Bd5) 18. g3 $14 Qg5 19. Bc4 Qh5 {[%emt 0:00:40] [#]} (19... Rfc8 $14) 20. Qe3 $1 $16 Rfc8 $2 {[%emt 0:00:39] [#] This move loses the game for Black.} (20... Ng4 $16 21. Qe1 Bxc2) 21. Be2 $1 $18 {[%emt 0:00:05] A strong pair of Bishops.} Ng4 22. Qf4 f5 23. f3 $40 {[%emt 0:00:12][%mdl 128] White goes for the king.} Nxh2 (23... Nf6 {was called for.} 24. Bxf6 (24. fxe4 Qxe2 25. exf5 e5 $18) 24... gxf6) 24. Kxh2 Bxc2 25. Rd2 Bb3 26. Qe5 Qf7 27. Bb5 Bd5 $2 (27... Qf6 28. Qxf6 gxf6 29. Bxf6 Kf7) 28. Ng2 $2 (28. Rxd5 exd5 29. Nxf5) 28... Nb3 29. Re2 Rc5 30. a4 Bc4 $2 (30... Bxf3 31. Qxe6 Bxe2 32. Qxe2 Rd8) 31. Qe3 (31. Bxc4 $142 Rxc4 32. Qb5 (32. Qxe6 Rd8 $18)) 31... Bxe2 32. Qxe2 Rd8 (32... e5 33. Bxe5 Qd5) 33. Rd1 ({Don't take} 33. Bc4 Rxc4 34. Qxc4 e5 $18) 33... Rcd5 34. Rxd5 (34. Bc4 $142 Nc5 (34... Rxd1 $2 {loses.} 35. Bxe6 R1d7 36. Qc4 $18) 35. Bxd5 exd5 36. Qb5 (36. Bxa5 Rc8 $18)) 34... exd5 35. Nf4 {[%emt 0:00:01] and Ne6 would now be decisive} d4 $2 (35... Rc8 36. Kg2 d4) 36. Bc4 {[%emt 0:00:01] Weighted Error Value: White=0.61/Black=0.93  Loses game:     	---       	Black=1      Mistake:       	White=3     	Black=7      Inaccurate:     	White=1     	---        OK:         	White=7     	Black=6      Best:        	White=2     	Black=1      Strong:       	White=2     	---} 1-0

[Event "Match Kovalenko-Kravtsiv Blitz 2025"]
[Site "Lviv"]
[Date "2025.03.20"]
[Round "3.1"]
[White "Kovalenko, Igor"]
[Black "Kravtsiv, Martyn"]
[Result "1-0"]
[Annotator "TA"]
[ECO "C77"]
[WhiteElo "2674"]
[BlackElo "2598"]
[PlyCount "101"]
[EventDate "2025.03.17"]
[EventType "match"]
[EventCountry "UKR"]
[SourceTitle "playchess.com"]
[Source "ChessBase"]
[SourceQuality "1"]
[TimeControl "180+2"]

1. e4 e5 2. Nf3 Nc6 3. Bb5 a6 4. Ba4 Nf6 5. d3 b5 6. Bb3 Be7 7. Nbd2 O-O 8. O-O {[%emt 0:00:02] C77: Ruy Lopez: 3...a6 4 Ba4 Nf6, unusual lines.} d6 9. a3 Na5 10. Ba2 {[%emt 0:00:01] The position is equal.} Be6 $5 $146 {[%emt 0:00:05][%mdl 8] New and interesting.} (10... c5 11. Re1 Nc6 12. c3 Re8 13. Nf1 h6 14. Ne3 Bf8 15. b4 Be6 16. Nd5 Rc8 {1-0 Carlsen,M (2837)-Ding,L (2774) Saint Louis Carlsen-Ding Showdown G10 blitz 2017 (7)}) 11. Bb1 (11. Bxe6 $14 {feels stronger.} fxe6 12. b4) 11... c5 $11 12. b4 Nc6 13. bxc5 dxc5 14. Bb2 Qc7 15. h3 Nd7 16. c3 Nb6 17. Bc2 {[%emt 0:00:02] Wards off Na4} Rab8 18. Re1 Rfd8 19. Qe2 Na4 20. Bxa4 bxa4 21. Nf1 Qb7 22. Bc1 {[%emt 0:00:15] [#]} (22. Reb1 $142) 22... Qb3 $1 $36 {[%emt 0:00:13][%mdl 2048] Black is really pushing.} 23. Bd2 (23. Ng5 $17) 23... c4 $19 24. dxc4 Bxc4 25. Qd1 Qxd1 26. Rexd1 Rb3 27. Ne3 $2 (27. Re1 {keeps fighting.}) 27... Be2 {[%emt 0:00:02] This pair of bishops is nice.} 28. Nd5 Bxd1 (28... Bxa3 29. Re1 Bxf3 30. gxf3 $17) 29. Rxd1 Bxa3 ({Less strong is} 29... Rxa3 30. Bc1 Ra1 31. Nxe7+ Kh8 32. Nd5 $19 (32. Nxc6 $2 {is the wrong capture.} Rxd1+ 33. Kh2 Raxc1 $19)) 30. Ra1 a5 31. Kh2 f6 32. Be3 Rdb8 33. Nd2 {[%emt 0:00:01] [#]} Bf8 $1 {[%emt 0:00:02] Threatens to win with ...Ra3.} 34. Rxa4 R3b5 35. Rc4 Nd8 36. Ra4 Ne6 {[%emt 0:00:01] Inhibits Nc7.} 37. c4 Nc5 38. Ra2 {[%emt 0:00:01] [#]} Nd3 $4 39. cxb5 $18 Rxb5 40. Nc4 Nb4 41. Rxa5 Rxa5 42. Nxa5 Nd3 43. Nc6 Kf7 44. f3 Nc5 45. Bxc5 Bxc5 46. Kg3 g6 $2 (46... Ba3 47. Kf2 Bc5+ 48. Kf1 Ke6) 47. h4 {[%emt 0:00:01] Hoping for Nd8+. White is clearly winning.} h5 (47... Bf8 $142 48. Kf2 Bc5+ 49. Ke2 Ba3) 48. Kh3 Bd6 49. g4 Bc5 50. Nd8+ Ke8 51. Ne6 {[%emt 0:00:01] Weighted Error Value: White=0.29 (precise) /Black=0.74  Missed win:     	---       	Black=1      Mistake:       	White=4     	Black=2      Inaccurate:     	White=2     	Black=5      OK:         	White=17    	Black=13     Best:        	White=1     	Black=2} 1-0

[Event "Match Kovalenko-Kravtsiv Blitz 2025"]
[Site "Lviv"]
[Date "2025.03.20"]
[Round "4.1"]
[White "Kravtsiv, Martyn"]
[Black "Kovalenko, Igor"]
[Result "1/2-1/2"]
[Annotator "TA"]
[ECO "B23"]
[WhiteElo "2598"]
[BlackElo "2674"]
[PlyCount "88"]
[EventDate "2025.03.17"]
[EventType "match"]
[EventCountry "UKR"]
[SourceTitle "playchess.com"]
[Source "ChessBase"]
[SourceQuality "1"]
[TimeControl "180+2"]

1. e4 c5 2. Nc3 Nc6 3. Bb5 Nd4 4. Nf3 e6 5. O-O Ne7 6. Re1 (6. Nxd4 $142 cxd4 7. Ne2) 6... Ng6 {[%emt 0:00:13] B30: Sicilian: 2...Nc6 3 Bb5, lines without ...g6.} 7. Nxd4 cxd4 8. Ne2 Bc5 (8... a6 $11 9. Bd3 Ne5) 9. d3 O-O {[%emt 0:00:12] Not much happening anymore} 10. Ng3 $146 (10. a3 a6 11. Ba4 d5 12. Ng3 b5 13. Bb3 dxe4 14. Nxe4 Be7 15. Qh5 Bb7 16. Bg5 {½-½ Mihelic,V (1912)-Cramling Bellon,A (2035) EU-chT (Women) 23rd 2021 (8.4)}) 10... d5 11. Ba4 dxe4 12. Nxe4 Be7 13. Qh5 Bd7 14. Bb3 Rc8 15. Bd2 Qb6 16. a4 Qc7 17. Ng5 Bxg5 {[%emt 0:00:02] Successful Defense Black} 18. Qxg5 Bc6 19. h4 Ne7 20. Bf4 Qd8 21. h5 Nd5 (21... h6 $11 22. Qg4 Kh7) 22. Qg3 (22. h6 $14 Qxg5 23. Bxg5) 22... Nxf4 $11 23. Qxf4 h6 24. Re5 Qf6 (24... Kh8 $11 {remains equal.}) 25. Qg3 (25. Qxd4 $16 Rfd8 26. Qe3 (26. Qxa7 $2 Qxe5 27. Qe3 Qxb2 $19)) 25... Rfd8 26. Rae1 {[%emt 0:00:01][%cal Re5e6] [#]} Kh8 27. a5 a6 28. f3 Rd7 29. Bc4 Rcd8 30. Qg4 Bd5 31. Bxd5 (31. b3 $11) 31... Rxd5 $15 32. f4 R8d6 (32... Rxe5 $15 {feels stronger.} 33. fxe5 Qe7) 33. b4 $11 Rd8 34. Qf3 R8d6 35. Qg4 Kg8 36. Qf3 Qd8 37. f5 Rxe5 38. Rxe5 Rd5 39. Rxd5 Qxd5 40. Qxd5 exd5 {[%emt 0:00:01] KP-KP} 41. Kf2 Kf8 42. Kf3 $2 (42. Ke1 $11 {and White stays safe.}) 42... Ke7 $19 {[%emt 0:00:01] ...Kd6 would now be deadly.} 43. Kf4 {[%emt 0:00:05] [#] Hoping for Ke5.} f6 44. g4 $2 (44. Kf3 Kd6 45. Ke2) 44... Kf8 $2 {Weighted Error Value: White=0.48/Black=0.20 (precise)   Loses game:     	White=1     	---        Missed win:     	---       	Black=1      Mistake:       	White=4     	Black=4      Inaccurate:     	White=6     	Black=4      OK:         	White=12    	Black=8      Best:        	---       	Black=4} (44... Kd6 $19 {has better winning chances.} 45. b5 axb5) 1/2-1/2

[Event "Match Kovalenko-Kravtsiv Blitz 2025"]
[Site "Lviv"]
[Date "2025.03.21"]
[Round "5.1"]
[White "Kovalenko, Igor"]
[Black "Kravtsiv, Martyn"]
[Result "0-1"]
[Annotator "TA"]
[ECO "E06"]
[WhiteElo "2674"]
[BlackElo "2598"]
[PlyCount "98"]
[EventDate "2025.03.17"]
[EventType "match"]
[EventCountry "UKR"]
[SourceTitle "playchess.com"]
[Source "ChessBase"]
[SourceQuality "1"]
[TimeControl "180+2"]

1. c4 e6 2. d4 d5 3. Nf3 Nf6 4. g3 Be7 5. Bg2 O-O 6. O-O c6 7. Nc3 b6 8. b3 Nbd7 9. Bb2 Bb7 {[%emt 0:00:03] 9...Ba6 is more fashionable.} 10. Qc2 dxc4 {[%emt 0:00:02] E08: Closed Catalan: Main Line: 7 Qc2.} (10... Qc7 $11) 11. bxc4 $14 c5 {[%emt 0:00:01] [#]} 12. d5 exd5 {[%emt 0:00:13] White is better.} 13. cxd5 {[%emt 0:00:00][%csl Od5] White has a strong passed pawn} Re8 $146 (13... Bd6 14. Nh4 c4 15. Nf5 Bc5 16. Ne4 Nxe4 17. Qxe4 Nf6 18. Qxc4 Bxd5 19. Bxd5 Qxd5 {1-0 Bu,X (2713)-Xu,Z (2369) CHN-chT China 2017 (13.3)}) 14. Rad1 Bd6 15. Nh4 a6 (15... Bf8 $14) 16. Nf5 (16. f4 $18) 16... Bf8 $1 17. e4 c4 18. Rfe1 (18. f4 $16) 18... Ne5 19. d6 (19. Ne2 $11) 19... Nd3 $15 20. Re2 g6 21. Ne3 b5 (21... Bxd6 $2 22. Nxc4 Bb4 23. Rxd3 $18 (23. Qxd3 Qxd3 24. Rxd3 Re6 $18)) 22. Red2 Bxd6 (22... Qxd6 23. e5 Qxe5 24. Bxb7 Nxb2 25. Qxb2 $18) (22... Re6 {is more complex.} 23. Ba1 Bxd6 24. Rxd3 cxd3 25. Qxd3 Be7) 23. Rxd3 (23. Bf1 $1 $11 {was the only way to keep the balance.} Bxe4 (23... Nxe4 24. Nxe4 Bxe4 25. Ng4 $14) 24. Nxe4 Nxe4 25. Bxd3 cxd3 (25... Nxd2 26. Qxd2 cxd3 27. Ng4 $15) 26. Rxd3) 23... cxd3 $17 24. Rxd3 Qe7 (24... Bxe4 $2 25. Nxe4 Nxe4 26. Qd1 $18) (24... Qc7 $142 {[%cal Ob5b4] and ...b4! should not be overlooked} 25. Rxd6 Qxd6) 25. Rxd6 Qxd6 26. e5 Qb6 (26... Qxe5 27. Bxb7 Rac8 28. Bxc8 (28. Bxa6 Rc5 $16) 28... Rxc8 29. Qd2 $18) 27. Bxb7 Qxb7 28. exf6 Rac8 ({Black should try} 28... Rad8 $15 29. Ne2 Qe4 30. Qxe4 Rxe4) 29. Qd2 $11 {[%emt 0:00:02] Black must now prevent Ned5.} Re6 $2 (29... Rcd8 $11 {and Black has nothing to worry.} 30. Ned5 Kh8) 30. Ncd5 $2 ({White should try} 30. Ned5 $18 {Qh6 would kill now.} Kf8 31. Nf4 (31. Qh6+ Ke8 $18)) 30... Rd8 $1 31. Bd4 $2 (31. Bc3 $11 {and White is okay.}) 31... Rxd5 $19 32. Nxd5 Qxd5 {[%emt 0:00:01][%mdl 4096] Endgame KQR-KQB} 33. Qc3 Re8 {[%emt 0:00:01][%cal Oh7h5] Dodges Qc8} ({Not} 33... Qxa2 34. Qc8+) 34. h4 h5 35. Be3 Qe5 36. Qc6 Qe6 37. Qc3 (37. Qc2 $142) 37... Qxa2 38. Kh2 Qe6 39. Qd4 Qe5 40. Qd7 Qe6 41. Qd4 {[%emt 0:00:01] [#]} b4 $1 42. Bd2 (42. Qxb4 Qc6) 42... a5 43. Bc1 Qe5 44. Qd7 Qe6 45. Qd4 Qf5 46. Bf4 Kh7 47. Be3 Re6 48. Bg5 Re2 (48... Re1 $142 49. Bd2 Rd1) 49. Kg1 Qe4 {[%emt 0:00:02] Weighted Error Value: White=0.96/Black=0.65  Loses game:     	White=1     	Black=1      Missed win:     	White=1     	---        Mistake:       	White=5     	Black=3      Inaccurate:     	White=5     	Black=1      OK:         	White=8     	Black=6      Best:        	White=1     	Black=2      Strong:       	---       	Black=2      Brilliant:      	White=1     	---} (49... b3 $142 50. Qf4 Re1+ 51. Kg2 Qd5+ 52. Qf3 Rg1+ 53. Kxg1 Qxf3 54. Bc1 Qd1+ (54... Qxf6 $2 55. Bg5 $19) 55. Kh2 Qxc1 56. Kg2 b2 57. g4 b1=Q (57... b1=B {gets mated.} 58. Kf3 Qd1+ 59. Kf4 Qd4+ 60. Kf3 Qe4+ 61. Kg3 Qxg4+ 62. Kh2 Be4 63. f3 Qxf3 64. Kg1 Qg2#) (57... Qc6+ 58. Kh2 b1=Q 59. Kg3 Qg1+ 60. Kf4 Qxf2+ 61. Kg5 Qfxf6#) 58. gxh5 Qe4+ 59. f3 Qd2+ (59... Qxh4 $2 60. hxg6+ Kxg6 61. f4 Qch1#) 60. Kg3 Qef4+ 61. Kh3 Qxf3#) 0-1

[Event "Match Kovalenko-Kravtsiv Blitz 2025"]
[Site "Lviv"]
[Date "2025.03.21"]
[Round "6.1"]
[White "Kravtsiv, Martyn"]
[Black "Kovalenko, Igor"]
[Result "1-0"]
[Annotator "TA"]
[ECO "B01"]
[WhiteElo "2598"]
[BlackElo "2674"]
[PlyCount "117"]
[EventDate "2025.03.17"]
[EventType "match"]
[EventCountry "UKR"]
[SourceTitle "playchess.com"]
[Source "ChessBase"]
[SourceQuality "1"]
[TimeControl "180+2"]

1. e4 d5 2. exd5 Qxd5 3. Nc3 Qa5 4. d4 Nf6 5. Nf3 c6 6. Bc4 Bf5 7. Bd2 Nbd7 8. Qe2 Qc7 9. O-O-O e6 10. Nh4 Bg6 11. Nxg6 hxg6 12. h3 O-O-O 13. Bb3 Nb6 {[%emt 0:00:10] B01: Scandinavian Defence.} 14. Be3 Bb4 15. Kb1 $146 (15. Na4 $14) (15. Rd3 Rh5 16. Bd2 Rh4 17. Be3 Bxc3 18. Rxc3 Nbd5 19. Bxd5 Nxd5 20. Ra3 Nxe3 21. fxe3 {0-1 Meireles,A (1635)-Montes Gutierrez,I (2154) Mondariz Balneario op 9th 2009 (3)}) 15... Kb8 (15... Bxc3 $11 16. bxc3 Ne4) 16. Rd3 Ka8 17. a3 Bxc3 18. bxc3 Rh5 19. c4 Ra5 (19... c5 $11) 20. Bc1 c5 21. Qe5 Qc8 22. Qe1 Ra6 23. dxc5 Nbd7 24. Qb4 Rh8 25. Be3 $36 {[%emt 0:00:07][%mdl 2048] Black is under pressure.} Ne5 26. Rd6 {[%emt 0:00:04] [#]} Nc6 27. Qc3 Ne4 (27... Rxa3 $11 {keeps the balance.} 28. Rhd1 Qc7) 28. Qxg7 $16 Nxd6 29. cxd6 {[%emt 0:00:02][%csl Od6] White has a strong passed pawn} Na5 $2 {[%emt 0:00:11][%mdl 8192] Black is weak on the dark squares} (29... Rd8 $16 {is more resistant.}) 30. d7 $18 (30. Qxf7 Rxd6 31. c5 (31. Qxg6 Nxc4 32. Qe4 Nd2+ 33. Bxd2 Rxd2 $11) 31... Nxb3 32. cxb3 (32. cxd6 Qc3 $11) 32... Rd3 $14) 30... Qg8 {[%emt 0:00:07] [#]} 31. Rd1 $1 {[%emt 0:00:01] Qxg8+ would kill now.} Nc6 32. Qf6 Ra5 33. Bg5 Rxg5 (33... Rf5) 34. Qxg5 Qb8 35. Ba4 Nd8 36. Qf6 Rh5 37. g4 {[%emt 0:00:02] Dodges Rf5} Rxh3 38. f4 Qc7 39. Bb3 (39. Kb2 $18) 39... a5 (39... Rf3 $16) 40. f5 $2 (40. c5 $18) 40... gxf5 41. gxf5 Rf3 42. Qe7 {[%emt 0:00:02] White is more active.} ({Better is} 42. Qh8 $16) 42... Rxf5 $11 43. Rh1 (43. Rd4 $14 {is more appropriate.}) 43... Ka7 (43... Nc6 $2 44. Qe8+ (44. Rh8+ Ka7 $16) 44... Ka7 45. Ka2 $18) 44. Ka2 Nc6 (44... Rf4 $11) 45. Qe8 $16 {[%emt 0:00:03] Rh8 would now be deadly.} Rf2 $2 (45... Nd8 $16 {is a better defense.} 46. Rh8 a4 47. Bxa4 (47. Qxd8 axb3+ 48. Kxb3 Rf3+ 49. c3 Qxd8 $16) 47... Rf2 48. Qxd8 Qxc4+ 49. Kb1 Rf1+ 50. Kb2 Qd4+ 51. c3 (51. Kb3 $2 {is a self mate.} Rb1+ 52. Ka2 Qb2#) 51... Rf2+ 52. Bc2 Rxc2+ 53. Kxc2 Qe4+ 54. Kd2 (54. Kb3 Qb1+ 55. Kc4 Qe4+ 56. Kb3 Qb1+ 57. Ka4 Qe4+ 58. Ka5 Qd5+ 59. Kb4 Qd6+ 60. Kc4 Qd5+ 61. Kb4 Qd6+ 62. Kc4 Qd5+ 63. Kb4 $11) 54... Qf4+ 55. Ke2 Qe4+ 56. Kf2 Qf5+ 57. Ke3 Qe5+ 58. Kf2 Qf4+ 59. Ke2) 46. Rh8 $18 Rd2 $2 (46... a4 47. Qa8+ (47. d8=N axb3+ 48. Kb2 Qe5+ 49. Kxb3 Rf3+ 50. Ka2 Rxa3+ 51. Kxa3 Qc3+ 52. Ka2 Nb4+ 53. Kb1 Qxc2+ 54. Ka1 Qc1#) (47. Bxa4 Nd8 $18) 47... Kb6 48. Qxa4 Qxd7) 47. c5 ({Worse is} 47. Qxf7 Qxd7 48. Qxd7 Rxd7 $11) 47... Nb8 48. d8=Q Rxd8 49. Qxd8 Qe5 50. Rh3 (50. Qxa5+ $142 Na6 51. Qb6#) 50... Qxc5 51. Qd2 Qc7 52. Qe3+ Ka8 53. Rf3 f5 54. Qf4 Qb6 55. Rd3 Nc6 56. Qd6 Qb5 57. Qf8+ Ka7 58. Bxe6 Qc5 59. Qxc5+ {[%emt 0:00:04] Weighted Error Value: White=0.48/Black=0.76  Loses game:     	---       	Black=2      Missed win:     	White=1     	---        Mistake:       	White=4     	Black=7      Inaccurate:     	White=3     	Black=2      OK:         	White=8     	Black=12     Best:        	White=4     	Black=4} 1-0

[Event "Match Kovalenko-Kravtsiv Blitz 2025"]
[Site "Lviv"]
[Date "2025.03.21"]
[Round "7.1"]
[White "Kovalenko, Igor"]
[Black "Kravtsiv, Martyn"]
[Result "1/2-1/2"]
[Annotator "TA"]
[ECO "D35"]
[WhiteElo "2674"]
[BlackElo "2598"]
[PlyCount "123"]
[EventDate "2025.03.17"]
[EventType "match"]
[EventCountry "UKR"]
[SourceTitle "playchess.com"]
[Source "ChessBase"]
[SourceQuality "1"]
[TimeControl "180+2"]

1. c4 e6 2. d4 d5 3. Nc3 Nf6 4. cxd5 exd5 5. Bg5 Be7 6. e3 O-O 7. Bd3 h6 {[%emt 0:00:02] Recently 7...Re8 got a lot of attention.} 8. Bxf6 Bxf6 9. Nge2 {[%emt 0:00:01] D53: Queen's Gambit Declined: 4 Bg5 Be7: Early deviations.} a5 10. O-O c6 11. a3 Be7 12. Rb1 Nd7 $146 (12... Na6 13. Bc2 Bd6 14. Qd3 f5 15. Ng3 Be6 16. Nce2 Qh4 17. Rfe1 Rae8 18. Nf1 Nc7 {0-1 Buscar,M (2041)-Khamdamova,A (2291) Titled Tuesday intern op 25th Jun Early blitz 2024 (2)}) 13. Qc2 Nf6 14. Ng3 Bd6 15. Rfe1 Re8 16. Na4 Ng4 17. Nf1 Rb8 18. Bh7+ Kh8 19. Bf5 Nf6 20. Bxc8 Qxc8 21. b4 b5 22. Nc5 Ra8 23. Nd3 Ra6 24. Rec1 axb4 25. axb4 Qa8 26. Rb2 Ne4 27. Qd1 Re6 28. f3 Nf6 29. Rbc2 Bf8 30. Ne5 Qb7 31. Qe1 Ne8 32. h4 Kg8 33. h5 f6 34. Ng6 Nd6 35. Ng3 Qd7 36. Re2 Re8 37. Ra1 Rxa1 38. Qxa1 Nc4 39. Qc3 (39. Qb1 $11) 39... Bd6 (39... Qd6 $15 40. Nxf8 Qxg3) 40. Nf4 $2 {[%emt 0:00:18] [#]} (40. Kf2 $11 {and White stays safe.}) 40... Rxe3 $1 $19 41. Rxe3 Bxf4 42. Nf1 Bxe3+ 43. Nxe3 {[%emt 0:00:01][%mdl 4096] Endgame KQN-KQN. Black is a pawn up.} Qe8 44. Ng4 Qxh5 45. Qe1 Qf7 {[%emt 0:00:02] Prevents Qe6} 46. Nf2 Kf8 47. Qa1 Qe7 48. Qa8+ Kf7 (48... Qe8 $19 {has better winning chances.} 49. Qa1 Kg8) 49. Qxc6 $17 Qe1+ ({But not} 49... Qxb4 $6 50. Qxd5+ Ke7 51. Qb7+ Kd8 52. Qa8+ Ke7 53. Qb7+ Kf8 54. Qa8+ Ke7 55. Qb7+ $11) (49... Kg6 $1 $17 {and ...Qe1+ should not be overlooked} 50. Nh3 Qe3+ (50... Qxb4 51. Nf4+ Kh7 52. Qxd5 $11) 51. Kh2 Qxd4 52. Qxd5 Qxd5 53. Nf4+ Kf5 54. Nxd5 Nd6) 50. Kh2 $15 Qxf2 (50... Kg6 $15 51. Nh3 Ne3 (51... Qxb4 52. Nf4+ Kh7 53. Qxd5 $11) 52. Qxb5 Kh7 (52... Nf1+ 53. Kg1 $17)) 51. Qxd5+ $2 {[%emt 0:00:01][%mdl 8192] [#]} (51. Qd7+ $11 Kf8 52. Qd8+ Kf7 53. Qd7+) 51... Kg6 $1 $19 52. Qe4+ {[%emt 0:00:00] [#]} f5 $1 53. Qe6+ Kg5 {[%emt 0:00:08][%cal Oc4e3] ( -> ...Ne3!)} 54. Qe7+ Kg6 $2 (54... Kf4 $19 55. Qxg7 Qh4+ 56. Kg1 Ke3) 55. Qe6+ $11 Kg5 $2 (55... Kh7 $11 56. Qxf5+ Kg8 57. Qe6+ Kf8 58. Qc8+ Kf7 59. Qd7+ Kf8 60. Qf5+ Ke7 (60... Kg8 61. Qd5+ Kf8 62. Qd8+ Kf7 63. Qd7+ Kg6 64. Qe6+ Kg5 65. Qd5+ Kf4 66. Qe4+ Kg5 67. Qg4+ Kf6 68. Qf4+ Ke6 69. Qe4+ Kd6 70. Qg6+ Ke7 71. Qxg7+ Kd8 72. Qf6+ Kd7 73. Qf5+ Kc7 74. Qc5+ Kd8 75. Qd5+ Kc7 76. Qf7+ Kd6 77. Qg6+ Kc7 78. Qf7+ Kd8 79. Qf8+ Kc7 80. Qc5+ Kd8 81. Qf8+ Kc7 82. Qc5+ $11) 61. Qe4+ Kf6 62. Qc6+ Ke7 63. Qe4+) 56. Qe7+ $19 Kh5 {[%emt 0:00:02] ( -> ...Ne3)} 57. Qxg7 Qh4+ 58. Kg1 Qe1+ 59. Kh2 Qh4+ (59... Qxb4 60. g4+ fxg4 61. Qxg4#) 60. Kg1 {[%emt 0:00:00][%cal Og2g4] And now g4+! would win.} Qe1+ 61. Kh2 {[%emt 0:00:01] White threatens g4+ and mate.} Qh4+ ({Inferior is} 61... Qxb4 62. g4+ fxg4 63. Qxg4#) 62. Kg1 {[%emt 0:00:06][%mdl 32768] Weighted Error Value: White=0.32/Black=0.61 An unexpected result.  Loses game:     	White=6     	---        Missed win:     	---       	Black=2      Mistake:       	White=1     	Black=4      Inaccurate:     	White=4     	Black=4      OK:         	White=18    	Black=18     Best:        	White=3     	---        Strong:       	---       	Black=1      Brilliant:      	---       	Black=1} 1/2-1/2